 Dungeon Crawl Stone Soup version 0.25.1-9-gc5326a611f (webtiles) character file.

Game seed: 7798204067252739974

373 stebl the Ducker (level 6, -1/39 HPs)
             Began as an Octopode Transmuter on Dec 23, 2020.
             Was a Follower of Ashenzari.
             Slain by a phantom (4 damage)
             ... on level 4 of the Dungeon.
             The game lasted 00:27:20 (5288 turns).

stebl the Ducker (Octopode Transmuter)              Turns: 5288, Time: 00:27:21

Health: -1/39      AC:  1    Str: 10    XL:     6   Next: 71%
Magic:  5/9        EV: 16    Int: 16    God:    Ashenzari [*.....]
Gold:   196        SH:  0    Dex: 13    Spells: 3/9 levels left

rFire    . . .     SeeInvis .     - Unarmed
rCold    . . .     Gourm    .   (no shield)
rNeg     . . .     Faith    .   (helmet restricted)
rPois    .         Spirit   .   (no amulet)
rElec    .         Reflect  .   M - ring of protection from magic (curse)
rCorr    .         Harm     .   (no ring)
MR       +....                  (no ring)
Stlth    ++........             (no ring)
HPRegen  0.13/turn              (no ring)
MPRegen  0.11/turn              (no ring)
                                (no ring)
                                (no ring)

@: very slightly contaminated
A: almost no armour, stealthy swim, amphibious, 8 rings, constrict 8, camouflage
1, gelatinous body 1
a: Curse Item, Scrying, Renounce Religion


You were on level 4 of the Dungeon.
You worshipped Ashenzari.
Ashenzari was aware of your devotion.
You were not hungry.

You visited 1 branch of the dungeon, and saw 4 of its levels.

You collected 196 gold pieces.


Innate Abilities, Weirdness & Mutations

You cannot wear most types of armour.
You are very stealthy in the water. (Stealth+)
You are amphibious.
You can wear up to eight rings at the same time.
You can use your tentacles to constrict eight enemies at once.
Your skin changes colour to match your surroundings (Stealth+).
Your rubbery body absorbs attacks. (AC +1, EV +1)


   Skills:
 - Level 2.0 Fighting
 * Level 5.6 Dodging
 - Level 3.0 Unarmed Combat
 - Level 2.0 Spellcasting
 + Level 3.5 Transmutations
 - Level 2.0 Poison Magic


You had 3 spell levels left.
You knew the following spells:

 Your Spells              Type           Power        Failure   Level  Hunger
e - Beastly Appendage     Tmut           ##....       4%          1    #......
s - Spider Form           Tmut/Pois      ##........   21%         3    ###....
t - Sticks to Snakes      Tmut           ##......     8%          2    ###....

Your spell library contained the following spells:

 Spells                   Type           Power        Failure   Level  Hunger
 Ice Form                 Ice/Tmut       #.......     69%         4    #####..
 Blade Hands              Tmut           ##........   80%         5    ######.

Inventory:

Missiles
 a - 2 arrows
 f - 155 stones (quivered)
 o - 2 throwing nets {=f}
Jewellery
 M - a cursed ring of protection from magic (left tentacle)
Scrolls
 b - a scroll of random uselessness {unknown}
 d - 2 scrolls of enchant weapon {unknown}
 e - a scroll of amnesia {unknown}
 g - 2 scrolls of remove curse {@r2}
 i - 3 scrolls of teleportation {unknown}
 j - a scroll of immolation {unknown}
 p - 4 scrolls of identify {unknown}
 q - a scroll of blinking {unknown}
Potions
 h - 3 potions of brilliance {unknown}
 m - 2 potions of cancellation {unknown}
 n - 2 potions of haste {unknown}
Comestibles
 c - 9 rations {@e1}

Dungeon Overview and Level Annotations

Branches:
Dungeon (4/15)
 Temple: D:4-7

Altars:
Ashenzari
Elyvilon
Makhleb
Okawaru
Trog

.##..........##.............#
....##..........#......#.####
.....#..........#......?.#
..#....##................#
.###...###.##..).(.....(##
...##...##.#.#####.(....#
#...............(...(#..#
##......##....(..W..(#.##
##............(.@..#####
##.....#.....(..<..#
.#.##..#.(..##.....##
...##..)......##....#
...####......###....##
....###.....####.....#
.##.#.#.##..........##
.##..... #........###
........##.......##


You could see a phantom.


Message History

You throw a stone. The stone barely misses the phantom.
Your tentacle spike disappears.
Your ball python barely misses the phantom.
You closely miss the phantom.
The phantom is severely damaged.
Your ball python misses the phantom.
The phantom closely misses you.
You tentacle-slap the phantom but do no damage.
Your squeeze misses the phantom.
The phantom is severely damaged.
Your ball python bites the phantom but does no damage.
The phantom hits your ball python!
Your ball python dies!
You miss the phantom.
The phantom is severely damaged.
The phantom closely misses you.
You closely miss the phantom.
The phantom is severely damaged.
You tentacle-slap the phantom but do no damage.
The phantom is severely damaged.
The phantom hits you!
* * * LOW HITPOINT WARNING * * *
Casting: Sticks to Snakes (safe; 8% risk of failure)
Confirm with . or Enter, or press ? or * to list all spells.
You miscast Beastly Appendage.
You are very lightly contaminated with residual magic.
Nothing appears to happen.
The phantom misses you.
You closely miss the phantom. Your squeeze misses the phantom.
The phantom is severely damaged.
The phantom hits you.
You die...

Skill      XL: |  1  2  3  4  5  6 |
---------------+-------------------+-----
Dodging        | 3 4 5 |  5.6
Fighting       | 2 |  2.0
Poison Magic   | 1 2 |  2.0
Transmutations | 3 |  3.5
Unarmed Combat | |  3.0
Spellcasting   | |  2.0

Action                   |  1- 3 |  4- 6 || total
-------------------------+-------+-------++-------
Melee: Unarmed           |    84 |   168 ||   252
       Constrict         |    24 |    35 ||    59
       Kick              |    11 |    24 ||    35
       Tentacles         |    15 |    27 ||    42
       Punch             |     1 |     4 ||     5
Throw: Stone             |    10 |    37 ||    47
 Cast: Beastly Appendage |     8 |    18 ||    26
       Sticks to Snakes  |     3 |    24 ||    27
       Spider Form       |       |     1 ||     1
Invok: Curse Item        |     1 |       ||     1
  Use: Potion            |       |     1 ||     1
 Stab: Sleeping          |     4 |    10 ||    14
  Eat: Chunk             |     2 |    10 ||    12
       Ration            |       |     2 ||     2
Armor: Skin              |     5 |     7 ||    12
Dodge: Dodged            |    57 |   105 ||   162

Levels and vault maps discovered:
D:1:      onia_arrival_mini_maze_b, layout_basic, item_on_display_a
D:2:      layout_loops_ring, lemuel_doored_altar, uniq_robin
D:3:      cheibrodos_greedy_goblins, layout_basic,
          nicolae_overflow_hidden_temple, lemuel_round_altar,
          minmay_splitting_lines, okawaru_metal_pillars_3
D:4:      layout_cave_pools, nicolae_overflow_crystal_walls,
          kennysheep_generic_room_5

Notes
Turn   | Place    | Note
-------+----------+-------------------------------------------
     0 | D:1      | stebl the Octopode Transmuter began the quest for the Orb.
     0 | D:1      | Reached XP level 1. HP: 13/13 MP: 3/3
   254 | D:1      | Reached XP level 2. HP: 16/18 MP: 5/5
   328 | D:1      | Learned a level 2 spell: Sticks to Snakes
  1067 | D:2      | Reached skill level 3 in Dodging
  1074 | D:2      | Reached XP level 3. HP: 22/24 MP: 6/6
  1082 | D:2      | Learned a level 3 spell: Spider Form
  1316 | D:2      | Found a shattered altar of Ashenzari.
  1319 | D:2      | Became a worshipper of Ashenzari the Shackled
  1326 | D:2      | Reached skill level 2 in Fighting
  1547 | D:2      | Reached XP level 4. HP: 17/29 MP: 2/7
  1884 | D:2      | Noticed Robin
  2073 | D:2      | Killed Robin
  2226 | D:2      | Reached skill level 1 in Poison Magic
  2744 | D:3      | Reached skill level 4 in Dodging
  2873 | D:3      | Found an iron altar of Okawaru.
  2900 | D:3      | Reached XP level 5. HP: 31/34 MP: 1/8
  3438 | D:3      | Found a burning altar of Makhleb.
  3520 | D:3      | Found a white marble altar of Elyvilon.
  3520 | D:3      | Reached * piety under Ashenzari
  4100 | D:4      | Reached skill level 2 in Poison Magic
  4135 | D:4      | Reached skill level 3 in Transmutations
  4228 | D:4      | Reached XP level 6. HP: 35/39 MP: 6/9
  4244 | D:4      | Reached skill level 5 in Dodging
  4278 | D:4      | Noticed a phantom
  5209 | D:4      | Found a bloodstained altar of Trog.
  5286 | D:4      | HP: 3/39 [phantom (8)]
  5288 | D:4      | Slain by a phantom

Vanquished Creatures
  An orc priest (D:4)
  A bullfrog skeleton (D:4)
  An orc wizard (D:3)
  4 worker ants (D:4)
  Robin (D:2)
  2 gnolls (D:3)
  4 adders
  A shadow imp (D:4)
  An ooze (D:2)
  2 adder skeletons (D:3)
  3 worms
  4 dart slugs
  3 leopard geckos
  2 orcs (D:4)
  3 giant cockroaches
  16 goblins
  10 hobgoblins
  3 jackals (D:4)
  3 quokkas
  2 ball pythons
  9 bats
  8 frilled lizards
  3 kobolds
  A quokka skeleton (D:4)
  7 rats
95 creatures vanquished.

Vanquished Creatures (collateral kills)
  A gnoll (D:3)
  2 goblins (D:2)
  4 hobgoblins (D:3)
  2 jackals (D:3)
9 creatures vanquished.

Grand Total: 104 creatures vanquished

Table legend:
 A = Turns spent in this place as a percentage of turns spent in the entire game.
 B = Non-inter-level travel turns spent in this place as a percentage of non-inter-level travel turns spent in the entire game.
 C = Inter-level travel turns spent in this place as a percentage of turns spent in this place.
 D = Turns resting spent in this place as a percentage of non-inter-level travel turns spent in this place.
 E = Turns spent auto-exploring this place as a percentage of non-inter-level travel turns spent in this place.
 F = Non-inter-level travel turns spent in this place divided by the number of levels of this place that you've seen.
                   A       B       C       D       E      F
               +-------+-------+-------+-------+-------+----------------------
         Total | 100.0 | 100.0 |   3.5 |  27.5 |  52.4 | 1275.2
       Dungeon | 100.0 | 100.0 |   3.5 |  27.5 |  52.4 | 1275.2
               +-------+-------+-------+-------+-------+----------------------

Table legend:
 A = Non-vault XP
 B = Vault XP
 C = Vault XP percentage of total XP
 D = Non-vault monster count
 E = Vault monster count
 F = Vault count percentage of total count
                 A         B        C        D         E       F
            +---------+---------+-------+---------+---------+-------
      Total |     485 |      48 |   9.0 |      82 |      22 |  21.2
            +---------+---------+-------+---------+---------+-------
        D:1 |      29 |       0 |   0.0 |      17 |       0 |   0.0
        D:2 |      67 |      23 |  25.6 |      25 |       8 |  24.2
        D:3 |     118 |      20 |  14.5 |      23 |      12 |  34.3
        D:4 |     271 |       5 |   1.8 |      17 |       2 |  10.5
            +---------+---------+-------+---------+---------+-------
